 Dungeon Crawl Stone Soup version 0.20.1-1-g8b1a95d (webtiles) character file.

1762 colophon the Conjurer (level 9, -1/52 HPs)
             Began as a Kobold Conjurer on Oct 27, 2017.
             Was an Initiate of Sif Muna.
             Slain by an orc wizard
             ... wielding a +0 dagger of electrocution
              (2 damage)
             ... on level 7 of the Dungeon on Nov 9, 2017.
             The game lasted 01:27:40 (7180 turns).

colophon the Conjurer (Kobold Conjurer)             Turns: 7180, Time: 01:27:41

Health: -1/52      AC:  4    Str:  5    XL:     9   Next: 27%
Magic:  16/16      EV: 15    Int: 19    God:    Sif Muna [......]
Gold:   289        SH:  0    Dex: 16    Spells: 12/18 levels left

rFire    . . .     SeeInvis .   a - +2 dagger (protect)
rCold    . . .     Gourm    .   (shield restricted)
rNeg     . . .     Faith    .   y - +0 leather armour
rPois    .         Spirit   .   (no helmet)
rElec    .         Reflect  .   (no cloak)
rCorr    .         Harm     .   (no gloves)
MR       .....                  u - +0 pair of boots
Stlth    +++.......             (no amulet)
Regen    0.2/turn               (no ring)
MPRegen  0.2/turn               (no ring)

@: no status effects
A: carnivore 3
a: Renounce Religion


You were on level 7 of the Dungeon.
You worshipped Sif Muna.
Sif Muna was noncommittal.
You were very full.

You visited 2 branches of the dungeon, and saw 9 of its levels.

You collected 289 gold pieces.

Inventory:

Hand Weapons
 a - a +2 dagger of protection (weapon)
Missiles
 d - 112 stones
 p - 4 tomahawks (quivered)
 q - 34 arrows
Armour
 u - a +0 pair of boots (worn)
 y - a +0 leather armour (worn)
Jewellery
 h - a +5 ring of evasion {unknown}
Wands
 r - a wand of paralysis (13/24)
 A - a wand of clouds (4/9)
 C - a wand of digging (8/24)
Scrolls
 f - 3 scrolls of magic mapping
 g - 2 scrolls of recharging
 j - a scroll of remove curse
 l - 6 scrolls of teleportation
 t - 3 scrolls of identify
 x - a scroll of fear
Potions
 e - a potion of degeneration {unknown}
 i - a potion of flight {unknown}
 k - a potion of berserk rage {unknown}
 n - a potion of lignification {unknown}
 o - 2 potions of curing {unknown}
 s - a potion of mutation {unknown}
 v - a potion of invisibility {unknown}
 w - a potion of magic {unknown}
 B - a potion of brilliance {unknown}
Books
 b - a book of Conjurations

   Spells                             Type                      Level
   a - Magic Dart                     Conjuration                  1
   b - Searing Ray                    Conjuration                  2
   c - Dazzling Spray                 Conjuration/Hexes            3
   d - Fulminant Prism                Conjuration/Hexes            4
   e - Force Lance                    Conjuration/Translocation    4
   f - Iskenderun's Mystic Blast      Conjuration                  4
Comestibles
 c - 3 meat rations
 m - 2 chunks of flesh
 z - 2 royal jellies


   Skills:
 - Level 4.0 Fighting
 + Level 4.8 Short Blades
 + Level 3.5 Armour
 - Level 3.0 Dodging
 + Level 6.7 Stealth
 - Level 5.1 Spellcasting
 + Level 7.1 Conjurations


You had 12 spell levels left.
You knew the following spells:

 Your Spells              Type           Power        Failure   Level  Hunger
a - Magic Dart            Conj           ####         1%          1    None
b - Searing Ray           Conj           ####..       1%          2    #......
c - Dazzling Spray        Conj/Hex       ###...       13%         3    ##.....


Dungeon Overview and Level Annotations

Branches:
Dungeon (8/15)             Temple (1/1) D:4
   Lair: D:8-11

Altars:
Ashenzari
Cheibriados
Dithmenos
Fedhas
Gozag
Hepliaklqana
Kikubaaqudgha
Makhleb
Nemelex Xobeh
Okawaru
Qazlal
Ru
Sif Muna
Trog
Uskayaw
Xom
Zin

Shops:
D:4 [   D:7 }


Innate Abilities, Weirdness & Mutations

You are small and have problems with some larger weapons.
You are carnivorous and can eat meat at any time.


Message History

The jelly hits you but does no damage. Something hits you.
The orc wizard points at you and mumbles some strange words.
The puff of flame hits you!
Unknown command.
The orc warrior hits you with a hand axe!!
The orc wizard closely misses you. The jelly hits you but does no damage.
The orc wizard misses you. The orc warrior barely misses you.
Something hits you but does no damage. The jelly closely misses you.
The orc wizard closely misses you. The orc hits you but does no damage.
The orc wizard barely misses you.
You hear some strange, mumbled words.
A puff of flame appears from out of thin air!
The puff of flame hits you!
The orc warrior hits you with a hand axe!
* * * LOW HITPOINT WARNING * * *
The jelly barely misses you. The orc wizard closely misses you.
The orc closely misses you. Something hits you.
You die...

._.......
#.............##
.....#...
#..................
.....#...
#......##.....##...
....## ..
#......######## ..
#.### #.......+
.... ###'#####
..... #......#
..... #..oo..#
#..o@..# +..J...#
#..........
#.....:#....
#......#....
#.###### .. #. . ..
...


You could see an orc warrior, a jelly, an orc wizard and an orc.

Vanquished Creatures
  A water moccasin (D:5)
  An ice beast (D:6)
  4 ogres
  2 phantoms
  A centaur (D:6)
  A bullfrog (D:6)
  A water moccasin skeleton (D:6)
  A howler monkey (D:6)
  A crimson imp (D:6)
  4 hounds
  A jelly (D:7)
  An orc priest (D:3)
  2 bullfrog skeletons
  3 orc wizards
  A centaur skeleton (D:4)
  3 iguanas
  4 worker ants
  Terence (D:2)
  A hound zombie (D:5)
  Robin (D:2)
  A howler monkey skeleton (D:6)
  6 adders
  4 gnolls (D:6)
  An ooze (D:1)
  An adder skeleton (D:5)
  An adder zombie (D:7)
  4 worms
  4 dart slugs
  5 leopard geckos
  12 orcs
  4 bats
  7 giant cockroaches
  14 goblins
  8 hobgoblins
  5 jackals
  4 quokkas
  2 ball pythons
  7 frilled lizards
  6 kobolds
  A quokka skeleton (D:5)
  5 rats
137 creatures vanquished.

Notes
Turn   | Place    | Note
-------+----------+-------------------------------------------
     0 | D:1      | colophon the Kobold Conjurer began the quest for the Orb.
     0 | D:1      | Reached XP level 1. HP: 10/10 MP: 3/3
   114 | D:1      | Reached XP level 2. HP: 15/15 MP: 0/5
   611 | D:1      | Learned a level 2 spell: Searing Ray
   833 | D:2      | Reached XP level 3. HP: 11/19 MP: 0/6
  1464 | D:2      | Found a transporter.
  1469 | D:2      | Noticed an orc warrior
  1470 | D:2      | Found a transporter.
  1474 | D:2      | Noticed an eye of draining
  1474 | D:2      | Found an ancient bone altar of Kikubaaqudgha.
  1559 | D:2      | Reached skill level 1 in Short Blades
  1559 | D:2      | Reached XP level 4. HP: 24/24 MP: 2/8
  1751 | D:2      | Noticed Robin
  1802 | D:2      | Killed Robin
  2331 | D:2      | Noticed Terence
  2372 | D:2      | Killed Terence
  2372 | D:2      | Reached XP level 5. HP: 11/28 MP: 0/9
  2637 | D:4      | Found a bloodstained altar of Trog.
  2985 | D:3      | Found a sacrificial altar of Ru.
  3230 | D:3      | Reached XP level 6. HP: 8/32 MP: 0/11
  3594 | D:3      | Reached skill level 5 in Stealth
  3594 | D:3      | Reached skill level 5 in Conjurations
  3836 | D:4      | Noticed an ogre
  3839 | D:5      | Entered Level 5 of the Dungeon
  3898 | D:4      | Noticed a phantom
  3920 | D:4      | Killed a phantom
  3920 | D:4      | Reached skill level 1 in Fighting
  3931 | D:4      | Found Nookh's Armour Shop.
  3942 | D:5      | Found a hide-covered altar of Uskayaw.
  3956 | D:4      | Reached XP level 7. HP: 34/38 MP: 4/12
  4006 | D:4      | Reached skill level 1 in Armour
  4347 | D:4      | Found a staircase to the Ecumenical Temple.
  4374 | Temple   | Entered the Ecumenical Temple
  4397 | Temple   | Became a worshipper of Sif Muna the Loreminder
  4667 | D:5      | Noticed a water moccasin
  4675 | D:5      | Killed a water moccasin
  4675 | D:5      | Reached XP level 8. HP: 32/46 MP: 3/14
  4979 | D:5      | Reached skill level 6 in Conjurations
  5324 | D:6      | Reached skill level 5 in Spellcasting
  5924 | D:6      | Found a stormy altar of Qazlal.
  5968 | D:7      | Found Moargh's Gadget Shop.
  6186 | D:6      | Reached XP level 9. HP: 48/52 MP: 8/16
  6206 | D:6      | Learned a level 3 spell: Dazzling Spray
  6781 | D:6      | Reached skill level 7 in Conjurations
  6999 | D:7      | Found a snail-covered altar of Cheibriados.
  7179 | D:7      | HP: 1/52 [orc warrior/hand axe (16)]
  7180 | D:7      | Slain by an orc wizard

Skill      XL: |  1  2  3  4  5  6  7  8  9 |
---------------+----------------------------+-----
Stealth        | 3 4 5 6 |  6.7
Dodging        | 3 |  3.0
Short Blades   | 1 2 3 4 |  4.8
Spellcasting   | 3 4 5 |  5.1
Conjurations   | 5 6 7 |  7.1
Fighting       | 1 3 4 |  4.0
Armour         | 2 3 |  3.5

Action                   |  1- 3 |  4- 6 |  7- 9 || total
-------------------------+-------+-------+-------++-------
Melee: Short sword       |    32 |     5 |       ||    37
       Dagger            |       |    71 |    55 ||   126
Throw: Stone             |     1 |    13 |       ||    14
       Tomahawk          |       |    12 |     8 ||    20
 Cast: Magic Dart        |    48 |    45 |    31 ||   124
       Searing Ray       |     3 |    28 |    39 ||    70
  Use: Scroll            |     4 |     5 |     3 ||    12
 Stab: Sleeping          |     2 |     3 |     5 ||    10
       Distracted        |       |       |     1 ||     1
  Eat: Chunk             |    11 |     8 |    10 ||    29
Armor: Robe              |     3 |     1 |       ||     4
       Leather armour    |       |    40 |    27 ||    67
Dodge: Dodged            |    46 |    92 |   106 ||   244
